 Dungeon Crawl Stone Soup version 0.17.2 (webtiles) character file.

6406 ololoev the Carver (level 10, -2/76 HPs)
             Began as a Mummy Chaos Knight on June 29, 2016.
             Slain by Rupert
             ... wielding a +4 great sword of slicing
              (11 damage)
             ... on level 2 of the Orcish Mines.
             The game lasted 00:20:54 (10762 turns).

ololoev the Carver (Mummy Chaos Knight)            Turns: 10762, Time: 00:20:54

Health: -2/76      AC: 16    Str: 18    XL:     10   Next: 66%
Magic:  11/11      EV:  3    Int: 12    God:    Xom [...*..]
Gold:   765        SH: 22    Dex: 12    Spells: 1 memorised, 8 levels left

rFire  x . .     SeeInvis .     a - +0 falchion (chaos)
rCold  + + .     Clarity  .     s - +0 plate armour
rNeg   + + +     SustAt   +     v - +8 large shield of the Failed Coup {+Inv rC+}
rPois  ∞         Gourm    .     (no helmet)
rElec  .         Spirit   .     o - +0 cloak {rPois}
rCorr  .         Warding  .     c - +0 pair of gloves
rMut   +         Stasis   .     w - +0 pair of boots
MR     ++...                    j - amulet of resist mutation
Stlth  ..........               E - ring of protection from magic
                                h - ring of sustain attributes (curse)

@: about to teleport, very resistant to hostile enchantments, extremely
unstealthy
A: no food or potions, fire vulnerability, cold resistance 1, negative energy
resistance 3, torment resistance, unbreathing
a: Renounce Religion, Evoke Invisibility


Innate Abilities, Weirdness & Mutations

You do not eat or drink.
Your flesh is vulnerable to fire.
You are immune to poison.
Your flesh is cold resistant.
You are immune to negative energy.
You are immune to unholy pain and torment.
You can survive without breathing.

Inventory:

Hand Weapons
 a - a +0 falchion of chaos (weapon)
 b - a +0 blowgun
Missiles
 r - 19 poisoned needles
Armour
 c - a +0 pair of gloves (worn)
 o - a +0 cloak of poison resistance (worn)
 s - a +0 plate armour (worn)
 v - the +8 large shield of the Failed Coup (worn) {+Inv rC+}
   (You found it on level 5 of the Dungeon)

   It protects you from cold.
   It lets you turn invisible.
 w - a +0 pair of boots (worn)
Jewellery
 g - an uncursed ring of protection from cold
 h - a cursed ring of sustain attributes (left hand)
 j - an amulet of resist mutation (around neck)
 E - a ring of protection from magic (right hand)
Wands
 x - a wand of disintegration (11)
 z - a wand of flame (20)
Scrolls
 d - 2 scrolls of identify
 e - 2 scrolls of noise {unknown}
 f - 4 scrolls of magic mapping
 i - 4 scrolls of enchant weapon {unknown}
 k - 2 scrolls of immolation
 l - 5 scrolls of recharging
 m - 2 scrolls of fog
 p - 3 scrolls of enchant armour {unknown}
 q - 5 scrolls of teleportation
 t - 4 scrolls of remove curse {unknown}
 u - a scroll of fear {unknown}
 y - 3 scrolls of amnesia {unknown}
 C - a scroll of blinking {unknown}
 D - a scroll of silence {unknown}
Miscellaneous
 B - a lamp of fire (inert)
 F - a plain deck of destruction


   Skills:
 + Level 5.7 Fighting
 * Level 9.3 Long Blades
 - Level 2.5 Throwing
 + Level 6.3 Armour
 + Level 3.3 Dodging
 + Level 4.8 Shields
 * Level 2.3 Evocations


You had 8 spell levels left.
You knew the following spells:

 Your Spells              Type           Power        Failure   Level  Hunger
a - Apportation           Tloc           #.........   100%        1    N/A


You were on level 2 of the Orcish Mines.
You worshipped Xom.
You were a favourite toy of Xom.
You were not hungry.

You visited 2 branches of the dungeon, and saw 12 of its levels.

You collected 765 gold pieces.

......###
####...#......#*
.....##
#............
......#
###.#........#*
......##
##.............
.......#
##....##........
.###...#
#.....#.........
* .# ##.##
##.#.##.........
* ## ###
####o..>.......
# #..@..#......
#.o@o........
#o.^..o.....
#.........#.
#..........#
....$.#.#.##
#.........##
...#.....##
##...#.....

Notes
Turn   | Place    | Note
--------------------------------------------------------------
     0 | D:1      | ololoev the Mummy Chaos Knight began the quest for the Orb.
     0 | D:1      | Reached XP level 1. HP: 18/18 MP: 1/1
   185 | D:1      | Reached XP level 2. HP: 17/24 MP: 2/2
   395 | D:1      | XOM: mild Chrm miscast
   615 | D:1      | XOM: noise
   623 | D:1      | Reached XP level 3. HP: 26/29 MP: 3/3
   769 | D:1      | XOM: colour smoke trail
   779 | D:2      | Found a basalt altar of Yredelemnul.
   779 | D:2      | Noticed Sigmund
   845 | D:1      | XOM: divination: detect creatures
  1075 | D:3      | Found a faded altar to an unknown god.
  1615 | D:3      | XOM: divination: detect creatures
  1726 | D:4      | XOM: harmless Summ miscast
  1796 | D:4      | Noticed Crazy Yiuf
  1816 | D:4      | Killed Crazy Yiuf
  1816 | D:4      | Reached XP level 4. HP: 30/35 MP: 4/4
  1835 | D:4      | XOM: mild Erth miscast
  1894 | D:4      | Noticed an ogre
  1897 | D:4      | XOM: mild Necr miscast
  1902 | D:4      | XOM: butterfly on damage
  1906 | D:4      | XOM: confusion
  1916 | D:4      | XOM: blink monster(s)
  1917 | D:4      | Killed an ogre
  1917 | D:4      | Reached skill level 4 in Long Blades
  1917 | D:4      | Reached XP level 5. HP: 24/41 MP: 5/5
  2095 | D:4      | Found a stormy altar of Qazlal.
  2101 | D:4      | Found a deep blue altar of Sif Muna.
  2251 | D:4      | XOM: summons 1 hostile demon
  2293 | D:4      | Reached XP level 6. HP: 38/47 MP: 6/6
  2560 | D:4      | Found an ancient bone altar of Kikubaaqudgha.
  2561 | D:4      | Found a shadowy altar of Dithmenos.
  2564 | D:4      | Found a glowing golden altar of the Shining One.
  2837 | D:2      | XOM: harmless Tloc miscast
  2838 | D:2      | Reached skill level 5 in Long Blades
  2873 | D:2      | Noticed Jessica
  2896 | D:2      | Killed Sigmund
  2912 | D:2      | Killed Jessica
  2946 | D:2      | XOM: colour smoke trail
  2949 | D:2      | XOM: 1-stop teleportation journey
  3197 | D:2      | XOM: scenery: create altars
  3362 | D:4      | Reached XP level 7. HP: 36/52 MP: 7/7
  3455 | D:5      | Entered Level 5 of the Dungeon
  3456 | D:5      | XOM: vitrification
  3507 | D:5      | Found a snail-covered altar of Cheibriados.
  3780 | D:5      | Reached skill level 6 in Long Blades
  3786 | D:5      | XOM: mild Summ miscast
  3941 | D:5      | XOM: cast spell 'Blink'
  3983 | D:6      | XOM: medium Chrm miscast
  4069 | D:5      | XOM: swap monsters
  4405 | D:5      | Got a transparent large shield
  4406 | D:5      | XOM is BORED!
  4406 | D:5      | XOM: mild Trmt miscast
  4411 | D:5      | Identified the +8 large shield of the Failed Coup {+Inv rC+} (You found it on level 5 of the Dungeon)
  4430 | D:6      | Noticed a deep elf mage
  4431 | D:6      | XOM: medium Air miscast
  4436 | D:6      | Killed a deep elf mage
  4537 | D:5      | XOM: harmless Necr miscast
  4549 | D:6      | Identified the Almanac of Displaced Transformation (You found it on level 6 of the Dungeon)
  4560 | D:6      | Reached skill level 1 in Shields
  4592 | D:6      | XOM: chaos upgrade
  4599 | D:6      | XOM: medium Air miscast
  4625 | D:6      | XOM: colour smoke trail
  4648 | D:6      | Reached XP level 8. HP: 58/58 MP: 8/8
  5071 | D:6      | Reached skill level 7 in Long Blades
  5132 | D:6      | Found a stormy altar of Qazlal.
  5187 | D:6      | XOM: enchant monster (bad)
  5263 | D:6      | XOM: 4-stop teleportation journey
  5280 | D:6      | Found a sacrificial altar of Ru.
  5316 | D:6      | XOM: colour smoke trail
  5526 | D:7      | Found a sparkling altar of Nemelex Xobeh.
  5562 | D:7      | XOM: silly message
  5669 | D:7      | Found a burning altar of Makhleb.
  5998 | D:7      | XOM: colour smoke trail
  6030 | D:7      | Found a glowing golden altar of the Shining One.
  6084 | D:7      | Found a staircase to the Ecumenical Temple.
  6105 | D:7      | Found an opulent altar of Gozag.
  6126 | D:7      | Reached skill level 5 in Armour
  6143 | D:7      | XOM: cast spell 'Summon Butterflies'
  6268 | D:7      | Found an iron altar of Okawaru.
  6326 | D:7      | XOM: summons friendly white imp
  6439 | D:7      | XOM: polymorph white imp -> crimson imp
  6443 | D:7      | XOM: swap monsters
  6495 | D:8      | XOM: god gift: 11 royal jellies
  6500 | D:8      | Reached skill level 8 in Long Blades
  6500 | D:8      | Reached XP level 9. HP: 60/65 MP: 9/9
  6646 | D:8      | XOM: enchant monster (good)
  6664 | D:8      | XOM: divination: detect creatures
  6672 | D:8      | XOM: polymorph kobold -> orc
  6674 | D:8      | XOM: summons friendly quasit
  7157 | D:8      | XOM: 2-stop teleportation journey
  7172 | D:8      | Found a staircase to the Lair.
  7183 | D:8      | XOM: enchant monster (good)
  7306 | D:8      | Learned a level 1 spell: Apportation
  7349 | D:8      | Reached skill level 1 in Dodging
  7538 | D:8      | Reached skill level 1 in Throwing
  7675 | D:9      | XOM: chaos upgrade
  7928 | D:9      | XOM: mild Chrm miscast
  7950 | D:9      | Found a bloodstained altar of Trog.
  8191 | D:9      | XOM: polymorph adder -> iguana
  8334 | D:10     | Entered Level 10 of the Dungeon
  8334 | D:10     | XOM: polymorph orc -> adder
  8338 | D:10     | XOM: harmless Trmt miscast
  8387 | D:10     | XOM: butterfly on damage
  8593 | D:10     | XOM: divination: detect creatures
  8627 | D:10     | Reached skill level 5 in Fighting
  8673 | D:10     | Noticed a hill giant
  8676 | D:10     | XOM: potion effect (haste)
  8679 | D:10     | XOM: silly message
  8710 | D:10     | Killed a hill giant
  8710 | D:10     | Reached XP level 10. HP: 22/74 MP: 10/10
  9011 | D:10     | Noticed a centaur skeleton
  9012 | D:10     | XOM: potion effect (brilliance)
  9039 | D:10     | Reached skill level 9 in Long Blades
  9047 | D:10     | XOM: divination: detect items
  9061 | D:10     | Killed a centaur skeleton
  9097 | D:10     | Reached skill level 1 in Evocations
  9233 | D:10     | XOM: divination: magic mapping
  9296 | D:10     | Found a staircase to the Orcish Mines.
  9383 | D:10     | XOM: harmless Chrm miscast
  9482 | D:9      | XOM: harmless Hex miscast
  9680 | D:10     | Killed an unseen horror
  9877 | D:10     | XOM: silly message
 10063 | D:10     | XOM: confuse monster(s)
 10388 | Orc:1    | Entered Level 1 of the Orcish Mines
 10464 | Orc:2    | Noticed an orc knight
 10476 | Orc:2    | Killed an orc knight
 10510 | Orc:2    | XOM: divination: magic mapping
 10755 | Orc:2    | Noticed Rupert
 10762 | Orc:2    | Slain by Rupert

Dungeon Overview and Level Annotations

Branches:
Dungeon (10/15)            Temple (0/1) D:7            Lair (0/8) D:8
    Orc (2/4) D:10

Altars:
Cheibriados
Dithmenos
Gozag
Kikubaaqudgha
Makhleb
Nemelex Xobeh
Okawaru
Qazlal
Ru
Sif Muna
Trog
Xom
Yredelemnul
The Shining One

Annotations:
D:10 exclusion: 2 doors
Orc:2 Rupert


Message History

An orc is nearby!
No target in view!
No target in view!
No target in view!
No target in view!
An orc comes into view.
The orc shouts!
Found 14 gold pieces.
Rupert the Wild comes into view.
He is wielding a great sword of slicing. 2 orcs and an orc priest come into view.
Rupert shouts!
The orc shouts!
The orc priest shouts!
You found a shaft!
You block the orc's attack.
You hit the orc.
The orc suddenly stops moving!
The orc is heavily wounded.
An orc comes into view. It is wielding a dagger.
The helpless orc fails to defend itself.
You slash the orc!
You kill the orc!
The orc shouts!
You block the orc's attack.
The orc priest looks braver for a moment.
You block the orc's attack.
You hit Rupert.
Rupert goes berserk!
Rupert is lightly wounded.
Rupert hits you with a great sword of slicing!!
You block the orc's attack.
Read which item? (? for menu, Esc to quit)
As you read the scroll of teleportation, it crumbles to dust.
You feel strangely unstable. You block Rupert's attack.
You block the orc's attack.
The orc hits you with a short sword of electrocution.
Rupert hits you but does no damage.
The orc priest looks braver for a moment.
You block the orc's attack.
Rupert hits you with a great sword of slicing!!!
Ouch! That really hurt!
Xom is highly amused!
You die...
Xom guffaws!

You could see Rupert (berserk), an orc priest and 4 orcs.

Vanquished Creatures
  A hill giant (D:10)
  An unseen horror (D:10)
  A troll (D:9)
  Sigmund (D:2)
  A deep elf mage (D:6)
  A spriggan (D:7)
  A hippogriff (D:7)
  A hungry ghost (D:10)
  3 wargs (Orc:2)
  2 phantoms
  An orc warrior (D:6)
  A black bear (D:7)
  A wasp (D:9)
  7 ogres
  A necrophage (D:8)
  4 centaurs
  2 big kobolds (D:8)
  5 giant frogs
  4 scorpions
  4 wights (D:9)
  4 killer bees (D:10)
  A giant frog zombie (D:10)
  2 hounds
  A centaur zombie (D:6)
  A crimson imp (D:8)
  A giant frog skeleton (D:4)
  2 iguanas
  Crazy Yiuf (D:4)
  2 orc priests
  3 jellies
  6 orc wizards
  Jessica (D:2)
  2 centaur skeletons
  A quasit (D:6)
  6 worker ants
  A killer bee zombie (D:8)
  A hound skeleton (D:8)
  2 worker ant zombies
  2 gnolls
  6 river rats (D:5)
  A shadow imp (D:8)
  11 adders
  An ooze (D:3)
  4 worms
  2 adder skeletons
  4 giant geckos
  39 orcs
  3 ball pythons
  6 giant cockroaches
  12 goblins
  11 hobgoblins
  13 jackals
  15 kobolds
  3 quokkas
  14 bats
  2 giant gecko skeletons (D:4)
  22 rats
  A plant (D:8)
253 creatures vanquished.

Vanquished Creatures (collateral kills)
  An orc knight (Orc:2)
  3 orcs (Orc:2)
4 creatures vanquished.

Vanquished Creatures (others)
  A jelly (D:7)
  3 gnolls (D:6)
  A jackal (D:6)
5 creatures vanquished.

Grand Total: 262 creatures vanquished

Action                   |  1- 3 |  4- 6 |  7- 9 | 10-12 || total
-------------------------+-------+-------+-------+-------++-------
Melee: Falchion          |    50 |       |   299 |   218 ||   567
       Dagger            |   103 |   140 |   515 |       ||   758
 Fire: Blowgun           |       |       |    16 |    35 ||    51
Evoke: Wand              |       |       |     5 |     5 ||    10
       Lamp of fire      |       |       |       |     1 ||     1
       Phantom mirror    |       |       |       |     1 ||     1
  Use: Scroll            |       |       |     7 |     1 ||     8
 Stab: Paralysed         |       |       |     3 |     5 ||     8
       Confused          |       |       |       |     1 ||     1

Vault maps used:
D:1:      dpeg_arrival_boxes_within_box
D:2:      lemuel_crystal_altar, roderic_lattice_a, minmay_misc_feat_five,
          minivault_24, uniq_jessica, uniq_sigmund
D:3:      first_bread, ecumenical_altar_1
D:4:      minitemple, led_sif_pool, grunt_qazlal_sundering,
          uniq_crazy_yiuf_cottage
D:5:      lemuel_ratsnest, slow_altar_1
D:6:      nicolae_ru_the_path_less_chosen, kennysheep_mini
D:7:      lemuel_crystal_altar, okawaru_altar_gauntlet_db,
          nicolae_gozag_seed_capital, old_standard_altar, temple_statues,
          basic_altar, the_bakery, serial_bayou_ford_a
D:8:      due_lair_maze_entry_diamond
D:9:      lemuel_round_altar, minivault_27, minmay_holes, bh_chokoban
D:10:     orc_0_dummy, grunt_ministairs_8, amalloy_card_club
Orc:1:    serial_shops, shop, bloody_trog, uniq_erolcha
Orc:2:    uniq_rupert
